 Dungeon Crawl Stone Soup version 0.30-a0-341-g682706514a (webtiles) character file.

Game seed: 9822111827934960650

65 Iich the Chopper (level 3, -6/34 HPs)
             Began as a Minotaur Berserker on Nov 2, 2022.
             Was a Believer of Trog.
             Killed by nerve-wracking pain
             ... invoked by an orc priest
              (8 damage)
             ... on level 2 of the Dungeon.
             The game lasted 00:02:01 (927 turns).

Iich the Chopper (Minotaur Berserker)                Turns: 927, Time: 00:02:01

Health: -6/34      AC:  5    Str: 23    XL:     3   Next: 92%
Magic:  2/2        EV: 11    Int:  4    God:    Trog [**....]
Gold:   33         SH:  0    Dex:  9    Spells: 2/2 levels left

rFire   . . .      SeeInvis .    a - +0 hand axe
rCold   . . .      Faith    .    (no shield)
rNeg    . . .      Spirit   .    c - +0 ring mail
rPois   .          Reflect  .    (helmet restricted)
rElec   .          Harm     .    (no cloak)
rCorr   .          Rampage  .    (no gloves)
Will    .....                    (no boots)
Stlth   ..........               (no amulet)
HPRegen 0.25/turn                (no ring)
MPRegen 0.08/turn                (no ring)

@: on berserk cooldown, slowed, very slow
A: horns 2, retaliatory headbutt
a: Renounce Religion, Berserk, Trog's Hand


You were on level 2 of the Dungeon.
You worshipped Trog.
Trog was pleased with you.
You visited 1 branch of the dungeon, and saw 2 of its levels.

You collected 33 gold pieces.

Inventory:

Hand Weapons
 a - a +0 hand axe (weapon)
Armour
 b - a +0 animal skin
 c - a +0 ring mail (worn)
Scrolls
 d - 4 scrolls of identify {unknown}
 e - a scroll of immolation {unknown}
 g - a scroll of torment {unknown}
 h - a scroll of enchant weapon {unknown}
 i - a scroll of teleportation {unknown}
Potions
 f - a potion of curing {unknown}


   Skills:
 + Level 4.4 Fighting
 + Level 4.6 Axes
 + Level 2.9 Armour
 + Level 2.6 Dodging


You had 2 spell levels left.
You didn't know any spells.
Your spell library was empty.

Dungeon Overview and Level Annotations

Branches:
Dungeon (2/15)

Altars:


Innate Abilities, Weirdness & Mutations

You have a pair of horns on your head.
You reflexively headbutt those who attack you in melee.


Message History

You kill the orc!
Trog accepts your kill.
You barely miss the orc. You barely miss the orc. Your headbutt misses the orc.
You slash the orc!
You kill the orc!
Trog accepts your kill.
You are no longer berserk.
You are exhausted.
You feel yourself slow down. The orc hits you with a +0 hand axe.
* * * LOW HITPOINT WARNING * * *
Okay, then.
The orc priest hits you but does no damage.
You hit the orc priest. You headbutt the orc priest.
The orc priest is moderately wounded.
You hit the orc. You headbutt the orc.
You kill the orc!
Trog accepts your kill.
You hit the orc priest but do no damage.
The orc priest closely misses you.
The orc priest hits you with a +0 dagger.
* * * LOW HITPOINT WARNING * * *
You closely miss the orc priest.
The orc priest is moderately wounded.
The orc priest hits you but does no damage. x2
You hit the orc priest.
The orc priest is severely wounded.
The orc priest hits you with a +0 dagger.
* * * LOW HITPOINT WARNING * * *
You barely miss the orc priest.
The orc priest is severely wounded.
The orc priest completely misses you. You furiously retaliate!
You headbutt the orc priest, but do no damage.
The orc priest misses you. You furiously retaliate!
You headbutt the orc priest. You barely miss the orc priest.
The orc priest is almost dead.
The orc priest hits you but does no damage.
The orc priest calls down the wrath of Beogh upon you.
Pain shoots through your body!
You die...

##.# #.........
#..# #...~...~.
#.## ##.........
######.#
..........
...#.).####
.........
.........>#
#..~...~.
.########....#
#))...... ## #..#
#)######## # ##
#@o.......
#......>..
########.########
###........#
######...########
##......###
...###### ####


You could see an orc priest.

Vanquished Creatures
  An adder (D:2)
  6 orcs (D:2)
  3 ball pythons
  6 endoplasms (D:1)
  A giant cockroach (D:1)
  4 goblins
  2 hobgoblins (D:1)
  4 jackals
  3 quokkas
  2 bats (D:1)
  A frilled lizard (D:1)
  6 kobolds
  7 rats (D:1)
46 creatures vanquished.

Notes
Turn   | Place    | Note
-------+----------+-------------------------------------------
     0 | D:1      | Iich the Minotaur Berserker began the quest for the Orb.
     0 | D:1      | Reached XP level 1. HP: 19/19 MP: 0/0
   204 | D:1      | Reached XP level 2. HP: 27/27 MP: 1/1
   467 | D:1      | Reached XP level 3. HP: 28/33 MP: 2/2
   790 | D:2      | Reached ** piety under Trog
   925 | D:2      | HP: 1/34 [orc priest/+0 dagger (2)]
   927 | D:2      | Killed from afar by an orc priest

Illustrated notes

Levels and vault maps discovered:
D:1:      dpeg_arrival_more_subterranean_lakeside_camping, layout_loops_ring,
          st_stairs_4, chequers_garden
D:2:      cheibrodos_pilgrimage, layout_rooms

Skill      XL: |  1  2 |
---------------+-------+-----
Fighting       | 4 |  4.4
Axes           | 4 |  4.6
Armour         | |  2.9
Dodging        | |  2.6

Action                   || total
-------------------------++-------
Melee: Hand axe          ||   105
       Headbutt          ||    10
       Punch             ||     2
Invok: Berserk           ||     1
Armor: Ring mail         ||    46
Dodge: Dodged            ||    58

Table legend: (Time is in decaauts)
 A = Elapsed time spent in this place.
 B = Non-inter-level travel time spent in this place.
 C = Inter-level travel time spent in this place.
 D = Time resting spent in this place.
 E = Time spent auto-exploring this place.
 F = Levels seen in this place.
 G = Mean time per level.
                   A        B        C        D        E       F      G
               +--------+--------+--------+--------+--------+-----+--------+
         Total |    940 |    881 |     59 |      0 |    595 |   2 |  470.0 |
       Dungeon |    940 |    881 |     59 |      0 |    595 |   2 |  470.0 |
               +--------+--------+--------+--------+--------+-----+--------+

Top non-repeatable levels by time:
     D:1: 780 daAuts
     D:2: 159 daAuts
